 Dungeon Crawl Stone Soup version 0.27.1-37-g7b29ead8ac (console) character file.

Game seed: 929233167313688917

14326 grimtooth the Summoner (level 12, -6/95 HPs)
             Began as a Barachi Summoner on July 21, 2023.
             Was a Priest of Elyvilon.
             Hit by a large rock thrown by a stone giant (22 damage)
             ... on level 9 of the Dungeon.
             The game lasted 01:42:54 (17858 turns).

grimtooth the Summoner (Barachi Summoner)          Turns: 17858, Time: 01:42:55

Health: -6/95      AC:  9    Str: 13    XL:     12   Next: 15%
Magic:  5/21       EV: 14    Int: 25    God:    Elyvilon [***...]
Gold:   584        SH:  0    Dex: 13    Spells: 2/23 levels left

rFire    x . .     SeeInvis .   a - +1 short sword (elec)
rCold    + . .     Faith    .   (no shield)
rNeg     . . .     Spirit   .   D - +2 robe {rC+}
rPois    .         Reflect  .   l - +0 helmet
rElec    .         Harm     .   t - +0 cloak
rCorr    +         Rampage  .   (no gloves)
Will     .....                  S - +2 pair of boots of Wrong Decisions {+Inv rF- rCorr Int+2}
Stlth    ++........             (no amulet)
HPRegen  0.25/turn              q - ring of resist corrosion
MPRegen  0.17/turn              j - +6 ring of intelligence

@: unable to hop, slow
A: amphibious, slowness 1, strong legs 1, +LOS
a: Hop, Renounce Religion, Evoke Invisibility, Lesser Healing, Heal Other,
Purification, Divine Protection


You were on level 9 of the Dungeon.
You worshipped Elyvilon.
Elyvilon was most pleased with you.
You visited 2 branches of the dungeon, and saw 15 of its levels.

You collected 791 gold pieces.
You spent 207 gold pieces at shops.

Inventory:

Hand Weapons
 a - a +1 short sword of electrocution (weapon)
Missiles
 k - 84 sling bullets
 m - 9 boomerangs
 p - 4 atropa-tipped darts
 A - 14 poisoned darts (quivered)
 K - 2 curare-tipped darts
 Q - 27 stones
 Y - 3 silver javelins
Armour
 l - a +0 helmet (worn)
 o - a +0 pair of boots
 t - a +0 cloak (worn)
 D - a +2 robe of cold resistance (worn)
 L - +0 acid dragon scales
 S - the +2 pair of boots of Wrong Decisions (worn) {+Inv rF- rCorr Int+2}
   (You found it on level 7 of the Dungeon)

   Int:       It affects your intelligence (+2).
   rF:        It makes you vulnerable to fire.
   +Inv:      It lets you turn invisible.
   rCorr:     It protects you from acid and corrosion.
Magical Staves
 h - a staff of air
 V - a staff of poison
Jewellery
 j - a +6 ring of intelligence (right hand)
 n - an amulet of the acrobat
 q - a ring of resist corrosion (left hand)
 I - a ring of positive energy
 O - a ring of positive energy
Wands
 f - a wand of flame (29)
 s - a wand of acid (20)
 H - a wand of polymorph (7)
 T - a wand of iceblast (11)
 U - a wand of mindburst (9)
 W - a wand of paralysis (16)
Scrolls
 b - a scroll of amnesia
 e - 3 scrolls of fear {unknown}
 g - 3 scrolls of noise {unknown}
 i - 2 scrolls of magic mapping {unknown}
 r - 3 scrolls of immolation
 u - 2 scrolls of holy word
 v - a scroll of teleportation
 y - 2 scrolls of enchant weapon {unknown}
 z - 4 scrolls of enchant armour {unknown}
 C - 2 scrolls of brand weapon {unknown}
 F - 3 scrolls of summoning {unknown}
 G - 2 scrolls of acquirement {unknown}
 M - 4 scrolls of vulnerability {unknown}
 X - a scroll of silence {unknown}
 Z - a scroll of identify {@r4}
Potions
 c - a potion of invisibility
 d - a potion of haste
 w - 2 potions of lignification
 x - 6 potions of curing
 B - a potion of might {unknown}
 E - 2 potions of attraction {unknown}
 J - a potion of mutation
 N - 3 potions of flight
 P - 2 potions of brilliance
 R - a potion of cancellation {unknown}


   Skills:
 - Level 9.0 Fighting
 - Level 6.0 Dodging
 - Level 3.0 Stealth
 - Level 6.0 Spellcasting
 + Level 2.0 Conjurations
 - Level 3.0 Hexes
 - Level 12.0 Summonings
 - Level 6.0 Air Magic
 + Level 2.0 Poison Magic
 * Level 8.7 Invocations
 - Level 6.0 Evocations


You had 2 spell levels left.
You knew the following spells:

 Your Spells              Type           Power      Damage    Failure   Level
c - Mephitic Cloud        Conj/Pois/Air  24%        N/A       5%          3
k - Blink                 Tloc           N/A        N/A       11%         2
I - Summon Lightning Spi  Summ/Air       51%        N/A       1%          4
L - Summon Small Mammal   Summ           100%       N/A       1%          1
M - Summon Guardian Gole  Hex/Summ       45%        N/A       1%          3
N - Call Canine Familiar  Summ           61%        N/A       1%          3
V - Summon Mana Viper     Hex/Summ       45%        N/A       10%         5

Your spell library contained the following spells:

 Spells                   Type           Power      Damage    Failure   Level
 Call Imp                 Summ           61%        N/A       1%          2
 Poisonous Vapours        Pois/Air       54%        N/A       2%          2
 Magic Dart               Conj           68%        1d6       3%          1
 Sting                    Tmut/Pois      48%        1d5       4%          1
 Passwall                 Tmut/Erth      5%         N/A       11%         2
 Swiftness                Air            37%        N/A       1%          3
 Shadow Creatures         Summ           N/A        N/A       9%          6
 Ignite Poison            Fire/Tmut/Pois 10%        N/A       17%         3
 Summon Forest            Summ/Tloc      18%        N/A       17%         5
 Lesser Beckoning         Tloc           3%         N/A       22%         3
 Olgreb's Toxic Radiance  Pois           17%        N/A       32%         4
 Bolt of Magma            Conj/Fire/Erth 5%         4d5       83%         5
 Manifold Assault         Tloc           7%         N/A       90%         5
 Invisibility             Hex            11%        N/A       97%         6


Dungeon Overview and Level Annotations

Branches:
Dungeon (14/15)            Temple (1/1) D:4            Lair (0/6) D:9
 Vaults (0/5) D:14
    Orc: D:9-12

Altars:
Ashenzari
Cheibriados
Dithmenos
Elyvilon
Fedhas
Gozag
Hepliaklqana
Kikubaaqudgha
Makhleb
Nemelex Xobeh
Okawaru
Qazlal
Ru
Sif Muna
Trog
Uskayaw
Vehumet
Wu Jian
Xom
Yredelemnul
Zin
The Shining One

Shops:
D:7 *[[=[

Annotations:
D:9 exclusion: two-headed ogre
D:11 Harold


Innate Abilities, Weirdness & Mutations

You are amphibious.
You cover ground slowly.
You can hop short distances.
You have an extended range of vision and can be seen from far away.


Message History

Your mana viper bites the stone giant but does no damage.
Your warg bites the tengu warrior but does no damage.
The stone giant hits your mana viper!!
Your mana viper bites the stone giant!
Your warg bites the tengu warrior.
The stone giant throws a large rock.
The large rock hits your mana viper!!!
Your mana viper dies!
Your mana viper disappears in a puff of smoke!
Press: ? - help, v - describe, . - travel
Here: a stone giant, quivering large rocks (lightly wounded, ally target)
The floor, spattered with blood.
Okay, then.
Press: ? - help, v - describe, . - travel
Here: a tengu warrior, wielding a +0 morningstar of protection, wearing a +0 leather armour and quivering javelins (almost dead, paralysed, ally target)
The floor, spattered with blood.
You swap places.
The stone giant throws a large rock.
The large rock hits your quokka!!!
Your quokka dies!
Your quokka's corpse disappears in a puff of smoke!
Casting: Summon Small Mammal (safe; 1% risk of failure)
Confirm with . or Enter, or press ? or * to list all spells.
Aiming: Mephitic Cloud (mildly dangerous; 5% risk of failure)
Press: ? - help, Shift-Dir - straight line, f - stone giant
Aim: a stone giant, quivering large rocks (lightly wounded, chance to affect: 24%)
Okay, then.
Okay, then.
Okay, then.
Hop to where?
Press: ? - help, Dir - move target Boing!
The stone giant throws a large rock.
The large rock barely misses you.
Okay, then.
Casting: Mephitic Cloud (mildly dangerous; 5% risk of failure)
Confirm with . or Enter, or press ? or * to list all spells.
The stone giant throws a large rock.
The large rock hits you.
* * * LOW HITPOINT WARNING * * *
You swap places.
The stone giant throws a large rock.
The large rock hits your quokka!!!
Your quokka dies!
Your quokka's corpse disappears in a puff of smoke!
The stone giant throws a large rock.
The large rock hits you!!
You die...

#.# . #.#.###########
#########.#.#.........#
............#.#######.#
Q......>#.###.# #.#
.######.#.# #.# #.#
#.#.###.# #.# #h#.....#
#.# #######Q####### #.#
......#.#############.##
#####...C...§...@......#
..♣♣####################
♣♣.♣#♣♣.♣♣ .♣♣.#♣.♣.♣#
..♣♣#.♣♣♣.# ♣..♣#♣.♣.♣#
#### ♣♣.♣♣ ..♣♣ ♣#.#♣
≈≈.♣##.#.## ≈≈≈...#8#.#
≈≈.♣##.#.##


You could see a stone giant.

Vanquished Creatures
  A two-headed ogre (D:14)
  2 centaur warriors (D:14)
  A troll (D:14)
  Grinder (D:3)
  A slime creature (D:13)
  5 yaks
  2 vampire mosquitoes (D:11)
  An orc warrior (D:11)
  A sky beast (D:6)
  9 centaurs
  2 ogres
  2 kobold brigands
  A bullfrog (D:8)
  6 killer bees
  A wight (D:7)
  An electric eel (D:7)
  2 howler monkeys (D:7)
  3 centaur zombies
  2 bullfrog zombies (D:5)
  An orc priest (D:3)
  2 hounds
  2 iguanas
  3 orc wizards
  2 howler monkey zombies (D:9)
  5 gnolls
  4 adders
  A white imp (D:6)
  An adder skeleton (D:4)
  A worm (D:4)
  A dart slug (D:1)
  15 orcs
  2 endoplasms (D:1)
  A giant cockroach (D:4)
  3 goblins
  2 hobgoblins
  2 jackals (D:3)
  12 kobolds
  3 quokkas
  5 ball pythons
  6 bats
  6 rats
124 creatures vanquished.

Vanquished Creatures (collateral kills)
  2 boulder beetles
  2 two-headed ogres
  Nergalle (D:10)
  Pikel (D:8)
  2 manticores (D:14)
  An ugly thing (D:14)
  A gargoyle (D:12)
  A yaktaur (D:10)
  2 trolls
  A hornet (D:9)
  3 slime creatures
  2 wraiths
  A wyvern (D:7)
  7 yaks
  Eustachio (D:5)
  A steam dragon (D:8)
  2 vampire mosquitoes (D:11)
  2 water moccasins
  An acid dragon (D:11)
  2 orc warriors
  2 ogres
  2 wolves (D:8)
  4 centaurs
  2 lemures (D:8)
  A phantom (D:5)
  2 kobold brigands
  3 gnoll sergeants
  2 scorpions
  9 killer bees
  3 wights
  2 howler monkeys
  A jelly (D:5)
  An orc priest (D:10)
  A bullfrog skeleton (D:6)
  A gnoll shaman (D:6)
  A centaur skeleton (D:7)
  2 iguanas
  Jessica (D:3)
  Natasha (thrice) (D:3)
  5 orc wizards
  A hound skeleton (D:4)
  A howler monkey zombie (D:5)
  13 gnolls
  A shadow imp (D:5)
  2 ufetubi
  A worm (D:3)
  3 dart slugs
  24 orcs
  4 ball pythons
  4 bats
  3 endoplasms
  2 giant cockroaches
  2 goblins (D:3)
  A hobgoblin (D:1)
  A jackal (D:3)
  3 quokkas
  A frilled lizard (D:3)
  12 kobolds
  4 rats
  A spectral hobgoblin (D:9)
168 creatures vanquished.

Vanquished Creatures (others)
  An ogre mage (D:14)
  3 two-headed ogres
  An ugly thing (D:14)
  Joseph (D:8)
  A yak (D:8)
  An ogre (D:7)
  A centaur (D:14)
  A kobold (D:7)
  6 fungi (D:9)
  7 plants (D:9)
23 creatures vanquished.

Grand Total: 315 creatures vanquished

Notes
Turn   | Place    | Note
-------+----------+-------------------------------------------
     0 | D:1      | grimtooth the Barachi Summoner began the quest for the Orb.
     0 | D:1      | Reached XP level 1. HP: 13/13 MP: 3/3
   154 | D:1      | Reached skill level 5 in Summonings
   361 | D:1      | Reached XP level 2. HP: 19/19 MP: 2/5
  1257 | D:1      | Reached XP level 3. HP: 16/24 MP: 4/7
  1358 | D:1      | Found a faded altar of an unknown god.
  1971 | D:1      | Learned a level 2 spell: Call Imp
  2061 | D:2      | Noticed a scorpion
  2249 | D:2      | Reached skill level 6 in Summonings
  2390 | D:1      | Learned a level 3 spell: Call Canine Familiar
  2950 | D:2      | Killed a scorpion
  2951 | D:2      | Reached XP level 4. HP: 30/30 MP: 4/8
  3122 | D:3      | Noticed Natasha
  3139 | D:3      | Killed Natasha
  3725 | D:3      | Reached XP level 5. HP: 35/35 MP: 5/9
  4030 | D:3      | Noticed Grinder
  4108 | D:4      | Noticed an ogre
  4351 | D:4      | Found a staircase to the Ecumenical Temple.
  4363 | Temple   | Entered the Ecumenical Temple
  4413 | Temple   | Became a worshipper of Elyvilon the Healer
  5029 | D:5      | Entered Level 5 of the Dungeon
  5029 | D:5      | Noticed a centaur
  5032 | D:5      | Killed a centaur
  5033 | D:5      | Reached skill level 7 in Summonings
  5033 | D:5      | Reached XP level 6. HP: 40/41 MP: 10/10
  5061 | D:5      | Reached * piety under Elyvilon
  5221 | D:5      | Noticed Eustachio
  5252 | D:5      | Killed Eustachio
  5253 | D:5      | Reached skill level 5 in Dodging
  5253 | D:5      | Reached XP level 7. HP: 21/46 MP: 4/11
  5260 | D:5      | Reached skill level 8 in Summonings
  6461 | D:6      | Found a snail-covered altar of Cheibriados.
  6646 | D:6      | Reached skill level 1 in Fighting
  6718 | D:6      | Reached skill level 9 in Summonings
  7004 | D:6      | Reached XP level 8. HP: 53/56 MP: 12/12
  7382 | D:6      | Reached ** piety under Elyvilon
  7669 | D:7      | Found Xoedd's Jewellery Shoppe.
  7747 | D:7      | Found Keehach's Armour Shoppe.
  7826 | D:6      | Was placed under penance by Elyvilon
  7953 | D:4      | Reached skill level 10 in Summonings
  7996 | D:3      | Killed Grinder
  7997 | D:3      | Reached skill level 5 in Fighting
  8002 | D:3      | Learned a level 4 spell: Summon Lightning Spire
  8037 | D:3      | Found a shimmering blue altar of Sif Muna.
  8039 | D:3      | Noticed Jessica
  8039 | D:3      | Noticed Natasha
  8046 | D:3      | Killed Jessica
  8066 | D:3      | Killed Natasha
  8091 | D:3      | Found a radiant altar of Vehumet.
  8296 | D:3      | Noticed Natasha
  8301 | D:3      | Killed Natasha
  8608 | D:8      | Noticed Maggie
  8621 | D:8      | Noticed Maggie
  8621 | D:8      | Maggie changed into Maggie the dart slug
  8624 | D:8      | Killed Maggie the dart slug
  8636 | D:8      | Noticed Pikel
  8637 | D:8      | Reached XP level 9. HP: 65/69 MP: 4/13
  8648 | D:8      | Killed Pikel
  8649 | D:8      | Reached skill level 11 in Summonings
  8788 | D:8      | Learned a level 3 spell: Summon Guardian Golem
  9283 | D:8      | Noticed Joseph
  9296 | D:8      | Killed Joseph
  9297 | D:8      | Reached skill level 12 in Summonings
  9312 | D:8      | Noticed Grum
  9322 | D:8      | Noticed Grum
  9322 | D:8      | Grum changed into Grum the iguana
  9327 | D:8      | Killed Grum the iguana
  9681 | D:8      | Reached skill level 1 in Hexes
  9681 | D:8      | Reached skill level 1 in Air Magic
 10083 | D:8      | Was forgiven by Elyvilon
 10338 | D:7      | Found Golosch's Antique Armour Shoppe.
 10436 | D:7      | Reached XP level 10. HP: 72/76 MP: 9/14
 10446 | D:7      | Reached skill level 5 in Invocations
 10752 | D:7      | Identified the +2 pair of boots of Wrong Decisions {+Inv
                  | rF- rCorr Int+2}
 11085 | D:7      | Found Hinih's Assorted Antiques.
 11144 | D:7      | Found Yship's Armour Boutique.
 11365 | D:7      | Bought a scroll labelled UBBURE CEATRAUM for 23 gold pieces
 11365 | D:7      | Bought an encrusted bronze wand for 92 gold pieces
 11365 | D:7      | Bought a wand of mindburst (6) for 92 gold pieces
 11656 | D:9      | Paralysed by a hornet for 2 turns
 11662 | D:9      | Reached skill level 1 in Evocations
 11840 | D:9      | Noticed a two-headed ogre
 11856 | D:9      | Killed a two-headed ogre
 11968 | D:9      | Noticed a two-headed ogre
 11981 | D:9      | Killed a two-headed ogre
 12063 | D:9      | Learned a level 2 spell: Blink
 12123 | D:9      | Found a bloodstained altar of Trog.
 12238 | D:9      | Noticed a two-headed ogre
 12519 | D:9      | Found a staircase to the Lair.
 12519 | D:9      | Noticed a two-headed ogre
 12529 | D:9      | Killed a two-headed ogre
 12530 | D:9      | Reached skill level 5 in Spellcasting
 12612 | D:9      | Noticed a boulder beetle
 12626 | D:9      | Killed a boulder beetle
 12627 | D:9      | Reached skill level 5 in Evocations
 12889 | D:9      | Found a hazy altar of Hepliaklqana.
 12959 | D:9      | Noticed a tengu warrior
 12968 | D:9      | Noticed a stone giant
 12991 | D:9      | - one of those nutty ood vaults isnt it
 13169 | D:8      | Learned a level 3 spell: Mephitic Cloud
 13221 | D:9      | Reached XP level 11. HP: 58/77 MP: 16/20
 13684 | D:9      | Noticed a two-headed ogre
 13727 | D:9      | - mofo
 14081 | D:10     | Entered Level 10 of the Dungeon
 14089 | D:10     | Noticed a two-headed ogre
 14174 | D:10     | Noticed a boulder beetle
 14176 | D:10     | - so that is an open wall
 14216 | D:10     | Reached *** piety under Elyvilon
 14347 | D:10     | Found a sparkling altar of Nemelex Xobeh.
 14418 | D:10     | Noticed Nergalle
 14433 | D:10     | Killed Nergalle
 15111 | D:11     | You fall into a shaft and drop 3 floors!
 15111 | D:14     | Noticed a manticore
 15111 | D:14     | Noticed a manticore
 15112 | D:14     | - god damn it
 15124 | D:14     | Killed a manticore
 15125 | D:14     | Reached skill level 5 in Air Magic
 15127 | D:14     | Killed a manticore
 15193 | D:14     | Noticed a two-headed ogre
 15205 | D:14     | Killed a two-headed ogre
 15285 | D:14     | Noticed a cyan ugly thing
 15289 | D:14     | Noticed a centaur warrior
 15298 | D:14     | Killed a white ugly thing
 15303 | D:14     | Killed a centaur warrior
 15600 | D:14     | Noticed an ogre mage
 15601 | D:14     | Paralysed by an ogre mage for 4 turns
 15605 | D:14     | Noticed a cyan ugly thing
 15606 | D:14     | Noticed a cyan ugly thing
 15607 | D:14     | Noticed a cyan ugly thing
 15610 | D:14     | Noticed a two-headed ogre
 15612 | D:14     | Noticed a cyan ugly thing
 15624 | D:14     | Found a gate to the Vaults.
 15626 | D:14     | Killed an ogre mage
 15634 | D:14     | Noticed a seven-headed hydra
 15634 | D:14     | Noticed a brown ugly thing
 15634 | D:14     | Noticed a brown ugly thing
 15634 | D:14     | Noticed a brown ugly thing
 15634 | D:14     | Noticed a brown ugly thing
 15634 | D:14     | Noticed a centaur warrior
 15635 | D:14     | - ooh not an improvement
 15658 | D:14     | Killed a centaur warrior
 15660 | D:14     | Pacified a brown ugly thing
 15664 | D:14     | Killed a brown ugly thing
 15713 | D:14     | Pacified a green ugly thing
 15720 | D:14     | Noticed a two-headed ogre
 15731 | D:14     | Killed a two-headed ogre
 15863 | D:13     | Found a broken altar of Ashenzari.
 15927 | D:13     | Found the +8 demon blade "Leech" {vamp, *Rage +Rage rN+}
 16883 | D:11     | Reached XP level 12. HP: 74/95 MP: 18/21
 17000 | D:11     | - this seems like more yaktaurs than called for at this
                  | stage
 17012 | D:11     | Noticed a two-headed ogre
 17015 | D:11     | Noticed Harold
 17299 | D:10     | Killed a boulder beetle
 17300 | D:10     | Reached skill level 1 in Conjurations
 17300 | D:10     | Reached skill level 1 in Poison Magic
 17601 | D:10     | Learned a level 5 spell: Summon Mana Viper
 17662 | D:10     | Killed a two-headed ogre
 17851 | D:9      | - man this is dicey
 17858 | D:9      | Hit by a large rock thrown by a stone giant

Illustrated notes #.# #.# #.# ############# #.####......##...# ##..C........##...## #..Q#######...+....Q ###.#.....#)###...## #h#.....#.# #...## #.#.._..'.# #..... #.#.....#.###....# #@#.....#........# #.#######........# #......(.........# ####.###########C# #.# #.# #.# #.# #.# #.# #.############# #.......##...## #####...#≈._.≈# O.#≈...≈# Turn 12991 on D:9: - one of those nutty ood vaults isnt it

.≈# #.......###.....# #.♣♣♣♣♣#.#
.≈####.......###.....# #♣..♣...#.
.≈##...#######....##.###♣♣...♣...
.≈#...#...≈...#...##...########.#
.≈#....)#...#.....##.#...........
.##....##...##.......############
###..#.....o...#..####
.....#≈..o>...≈#.'###############
...#.#.........#..........#......
...#...##...##C...≈≈≈≈....#......
...#....#...#...@.≈≈≈≈....#......
...#..#...≈...#...≈≈≈≈....#......
#'##...#######............#......
#.#####.# #............#######
#.#####.######.##'######### #
............##..#.# #
..#....≈≈≈...##.#.# #
..#....≈≈....##.#.# #
..#...≈≈≈≈...##.#.######## #
..#..≈≈≈≈....##.#........# ##
..#..≈≈......##...######.# #.


Turn 13727 on D:9: - mofo ......>.#.# ..........## ...........# .###.......##
###### ###........# #...... #..........#### ...... ...#.#####.....####..###o ##
#. #.###.......#.. . #...........#.### . ####........#c.|B . ##..@h...#.
######..#.W.. .###.# .. ## Turn 14176 on D:10: - so that is an open wall #####
.. ##...##+#.... #...........H #...@........ #............ ##+######.... .H Turn
15112 on D:14: - god damn it ######### #.......# #c......# #.c.....#####
#c..........# #@........ ......uu>.......# ..D......^u.#.... .......u.....# ..
##............# ...#...........# .. #............# # ...##+###.##.. ..## .# ..
Turn 15635 on D:14: - ooh not an improvement ##...........###.#####......
.............#..).(...#####. ##...........#.##.....# . # #...........#.# .....#
. #.^............#.##.....# . .###.###$............#......# . ......
#.........#.# ####..... . .......#...........# #.#.. .......#........o..# ...c
.............<.....# ## .......#....(...@.# .......#...(....co#
...........(.)..)°# .......#)#......#.# .........##.#####c# .......(......# c#
##....#(...(((# .c ####..)......# .. ###()(....# ... #)####### #(# Turn 17000 on
D:11: - this seems like more yaktaurs than called for at this stage #.# ## #.# .
#.#.########### ##########.#.#.........# #............#.#######.#
.Q......>#.###.# #.# #.######.#.# #.# #.# #.#.###.# #.# #h#.....# #.#
################Q####### #.# .........C..§..#@#############.##
#####.########C..S..............# ...........♣♣####################
.♣♣♣♣.♣..♣♣.♣#♣♣.♣♣ ♣.♣♣..♣♣.#♣.♣.♣# ♣.♣♣♣..♣♣#.♣♣♣.# ♣.♣ ♣♣..♣#♣.♣.♣#
####♣.♣###### ♣♣.♣♣ ....♣.♣....♣♣ ♣#.#♣ ≈≈≈≈≈≈≈≈≈≈≈.♣##.#.##
≈≈≈≈≈≈≈≈≈≈≈≈...#8#.# Turn 17851 on D:9: - man this is dicey

Levels and vault maps discovered:
D:1:      minmay_arrival_four_loops, layout_loops_ring,
          hellmonk_ecumenical_altar_run_dry, minmay_ruptured
D:2:      layout_rooms, grunt_decor_fettered
D:3:      layout_basic, mainiacjoe_overflow_catwalk_spiral, uniq_grinder,
          uniq_natasha, uniq_jessica
D:4:      layout_loops_cross, minmay_temple_entry_overgrown
D:5:      layout_rooms, uniq_eustachio
D:6:      layout_loops_ring, kennysheep_slug_shrine
D:7:      layout_rooms, serial_shops, kennysheep_mini_moat,
          nicolae_shop_behind_doors, shop_fountains, nicolae_shop_trees,
          shop_coins, grunt_ministairs_8, minmay_misc_feat_room, hex_large,
          minivault_4, minmay_tree_intersection
D:8:      layout_layer_cave, uniq_joseph, uniq_maggie, uniq_pikel, uniq_grum
D:9:      nzn_winding_woodlands_three_and_one [nzn_winding_woodlands_5x15_twine,
          nzn_winding_woodlands_5x15_river_crossing,
          nzn_winding_woodlands_5x15_pockets,
          nzn_winding_woodlands_center_diamonds], layout_basic,
          nicolae_hepliaklqana_monster_ancestors, amcnicky_altar_gilded,
          dpeg_oklobed_lair, lemuel_another_geyser
D:10:     layout_rooms, nemelex_spade_bored_becter, st_stairs_9,
          minmay_checkerbox, uniq_nergalle
D:11:     layout_rooms, special_room [special_room_orc], uniq_harold
D:12:     layout_basic, erik_orc_1
D:13:     layout_roguey, evilmike_ruin_ashenzari
D:14:     layout_basic, david_vaults_2, minivault_26, uniq_jorgrun
Temple:   nicolae_temple_x_marks_the_god

Skill      XL: |  1  2  3  4  5  6  7  8  9 10 11 12 |
---------------+-------------------------------------+-----
Summonings     | 5 6 7 9 10 12 | 12.0
Spellcasting   | 3 6 |  6.0
Dodging        | 3 4 5 6 |  6.0
Fighting       | 2 6 9 |  9.0
Invocations    | 4 6 8 |  8.7
Hexes          | 2 3 |  3.0
Air Magic      | 2 3 6 |  6.0
Evocations     | 5 6 |  6.0
Stealth        | 3 |  3.0
Conjurations   | 2 |  2.0
Poison Magic   | 2 |  2.0

Action                   |  1- 3 |  4- 6 |  7- 9 | 10-12 || total
-------------------------+-------+-------+-------+-------++-------
Melee: Short sword       |    52 |    49 |   167 |   189 ||   457
       Dagger            |    26 |    22 |       |       ||    48
Throw: Dart              |       |     8 |    58 |    69 ||   135
       Stone             |       |       |     6 |       ||     6
 Cast: Summon Small Mamm |    57 |    22 |     8 |     9 ||    96
       Call Imp          |    21 |    11 |       |       ||    32
       Call Canine Famil |       |     8 |    29 |    42 ||    79
       Summon Lightning  |       |       |    11 |    27 ||    38
       Summon Guardian G |       |       |     5 |    16 ||    21
       Mephitic Cloud    |       |       |       |     5 ||     5
       Blink             |       |       |       |     1 ||     1
       Summon Mana Viper |       |       |       |     1 ||     1
Invok: Heal Other        |       |       |       |     6 ||     6
       Lesser Healing    |       |       |       |     2 ||     2
 Abil: Hop               |     1 |     1 |     3 |    15 ||    20
       Evoke Invisibilit |       |       |       |     2 ||     2
Evoke: Wand              |       |     1 |     5 |    23 ||    29
  Use: Scroll            |     2 |     1 |     7 |    11 ||    21
       Potion            |     2 |     1 |     1 |     3 ||     7
 Stab: Sleeping          |     1 |     4 |     3 |     1 ||     9
       Paralysed         |       |       |       |     9 ||     9
       Confused          |       |       |       |     2 ||     2
       Distracted        |       |       |       |     1 ||     1
Armor: Robe              |    29 |    30 |    52 |   108 ||   219
Dodge: Dodged            |    76 |    74 |   145 |   243 ||   538
